 Dungeon Crawl Stone Soup version 0.30.0-11-gf55b779eaf (webtiles) character file.

Game seed: 7267541782488749203

448 mdonais the Chopper (level 7, -2/61 HPs)
             Began as a Meteoran Fighter on May 16, 2023.
             Was an Initiate of Nemelex Xobeh.
             Slain by Grinder (4 damage)
             ... in a sewer.
             The game lasted 00:07:16 (991 turns).

mdonais the Chopper (Meteoran Fighter)               Turns: 991, Time: 00:07:16

Health: -2/61      AC: 11    Str: 20    XL:     7   Next: 49%
Magic:  10/10      EV:  7    Int:  9    God:    Nemelex Xobeh [......]
Gold:   87         SH:  5    Dex: 14    Spells: 6/6 levels left

rFire   . . .        a - +1 war axe
rCold   . . .        c - +0 buckler
rNeg    . . .        n - +0 chain mail
rPois   .            l - +0 helmet
rElec   .            (no cloak)
rCorr   .            (no gloves)
SInv    .            (no boots)
Will    .....        (no amulet) Stlth
                     (no ring)
HPRegen 0.30/turn    (no ring)
MPRegen 0.12/turn

%: no passive effects
@: glowing
A: sense surroundings 1, otherworldly, glowing, explore regen
a: Renounce Religion, Draw Escape, Draw Destruction, Draw Summoning


You were in a sewer.
You worshipped Nemelex Xobeh.
Nemelex Xobeh was noncommittal.
You visited 1 branch of the dungeon, and saw 5 of its levels.
You also visited: Sewer.

You collected 87 gold pieces.

Inventory:

Hand Weapons
 a - a +1 war axe (weapon)
 o - a +0 whip of distortion
   (You took it off a kobold in a sewer)
Armour
 b - a +0 scale mail
 c - a +0 buckler (worn)
 l - a +0 helmet (worn)
   (You found it on level 4 of the Dungeon)
 n - a +0 chain mail (worn)
   (You took it off an orc on level 4 of the Dungeon)
Scrolls
 d - a scroll of acquirement {unknown}
 e - a scroll of teleportation {unknown}
 f - a scroll of enchant weapon
 i - a scroll of fog {unknown}
 j - a scroll of silence {unknown}
 k - a scroll of poison {unknown}
 m - a scroll of identify {unknown}
 M - a scroll of magic mapping
Potions
 g - 2 potions of degeneration {unknown}
 h - a potion of curing {unknown}


   Skills:
 + Level 5.4 Fighting
 + Level 5.4 Axes
 - Level 5.0 Armour
 - Level 4.0 Shields
 + Level 3.1 Invocations


You had 6 spell levels left.
You didn't know any spells.
Your spell library was empty.

Dungeon Overview and Level Annotations

Branches:
Dungeon (5/15) Zot: 2138   Temple (0/1) D:5           Sewer (1/1) Zot: 405

Altars:
Ashenzari
Nemelex Xobeh

Annotations:
Sewer Grinder


Innate Abilities, Weirdness & Mutations

You passively map a small area around you.
You are easily found by Zot.
You glow in the dark.
You regain HP and MP as you explore.


Message History

The quasit claws you but does no damage.
You take 1 damage, and have 60/61 hp.
The kobold shouts!
You hit the quasit.
The quasit is severely wounded.
You hear a shout!
The quasit completely misses you.
The quasit claws you but does no damage. x2
Health restored: 61 The kobold shouts!
You slash the quasit!
You kill the quasit!
The bat hits you but does no damage. The bat hits you.
You take 1 damage, and have 60/61 hp.
You barely miss the bat. The bat hits you but does no damage.
Health restored: 61 You slash the bat!
You kill the bat!
The bat hits you but does no damage.
A shadow imp comes into view.
You barely miss the ufetubus.
The shadow imp shouts, "Slither away, thou feckless shard-borne serf!"
You hit the ufetubus but do no damage.
You hear a shout!
The bat barely misses you.
The ufetubus hits you but does no damage.
The ufetubus completely misses you.
The ufetubus hits you but does no damage.
You block the ufetubus's attack.
A kobold comes into view. It is wielding a +0 dagger.
The ufetubus barely misses you.
The ufetubus hits you but does no damage. x3
You barely miss the ufetubus. x2; You block the bat's attack.
The bat hits you but does no damage.
The ufetubus hits you but does no damage.
The ufetubus barely misses you.
Grinder comes into view.
The ufetubus hits you.
The ufetubus splashes around in the water.
The ufetubus hits you.
The ufetubus hits you but does no damage.
The ufetubus barely misses you. The ufetubus hits you.
You take 5 damage, and have 56/61 hp.
You slash the ufetubus!
You kill the ufetubus!
You closely miss the ufetubus. You closely miss the bat.
You block the bat's attack. The bat hits you but does no damage.
The ufetubus hits you.
The ufetubus hits you but does no damage.
The ufetubus barely misses you.
The ufetubus hits you but does no damage.
The bat hits you but does no damage.
You take 4 damage, and have 52/61 hp.
You slash the ufetubus!
You kill the ufetubus!
You slash the bat!
You kill the bat!
The kobold throws a stone.
You block the stone.
Your Invocations skill increases to level 3!
You slash the kobold!
You kill the kobold!
The kobold throws a stone.
The stone hits you but does no damage.
The shadow imp picks up a beetle and eats it.
MP restored: 10 You hit the kobold.
You kill the kobold!
The kobold closely misses you.
Okay, then.
You hit the kobold.
You kill the kobold!
Grinder gestures at you. You resist with some effort.
You completely miss the kobold.
Grinder blinks!
The kobold closely misses you.
You hit the kobold.
The kobold is severely wounded.
The kobold hits you but does no damage.
You closely miss the kobold.
The kobold is severely wounded.
The kobold barely misses you.
The shadow imp disappears for a moment.
The kobold hits you but does no damage.
You barely miss the kobold.
The kobold is severely wounded.
The kobold hits you with a +0 dagger.
You take 1 damage, and have 54/61 hp.
You slash the kobold!
You kill the kobold!
Grinder blinks!
Items here: ( )))) ††.
You regained 2 hp, and now have 56/61 hp.
The shadow imp hits you but does no damage.
The shadow imp barely misses you.
Items here: ( )))) ††.
You slash the shadow imp!
You kill the shadow imp!
Grinder gestures at you. You resist with some effort.
Items here: ( )))) ††.
Health restored: 61 You see here a +0 dagger.
There is an open door here.
Grinder blinks!
Grinder blinks!
Grinder barely misses you.
You closely miss Grinder. Grinder hits you!
You writhe in agony.
Grinder hits you but does no damage.
You take 12 damage, and have 49/61 hp.
You slash Grinder!
Grinder is moderately wounded.
Grinder hits you.
You writhe in agony.
You take 9 damage, and have 40/61 hp.
You slash Grinder!
Grinder is severely wounded.
Grinder hits you but does no damage.
You closely miss Grinder.
Grinder is severely wounded.
Grinder gestures at you. Pain shoots through your body!
Grinder blinks!
You take 11 damage, and have 29/61 hp.
You closely miss Grinder.
Grinder is heavily wounded.
Grinder drinks a potion.
Grinder seems to grow stronger.
You barely miss Grinder.
Grinder is heavily wounded.
Grinder blinks!
Grinder hits you.
You writhe in agony.
You take 8 damage, and have 22/61 hp.
You closely miss Grinder.
Grinder is heavily wounded.
Grinder hits you but does no damage.
You barely miss Grinder.
Grinder is heavily wounded.
Grinder completely misses you. You block Grinder's attack.
You barely miss Grinder.
Grinder is heavily wounded.
Grinder hits you but does no damage.
You hit Grinder but do no damage.
Grinder is heavily wounded.
Grinder barely misses you.
You slash Grinder!
Grinder is almost dead.
Grinder hits you!
* * * LOW HITPOINT WARNING * * *
You writhe in agony.
* * * LOW HITPOINT WARNING * * *
Grinder hits you!
* * * LOW HITPOINT WARNING * * *
You writhe in agony.
You die...
Your body disappears without additional glow.

* #~≈~~≈~≈≈~≈~ ≈≈≈~≈≈~..~ ,
#≈.~~~≈~≈≈≈ ≈≈≈≈≈≈#.~~ * ~
##.################ #.~≈ *
#≈~.'..≈≈≈≈≈≈≈≈≈~ ~ #..≈
*#≈~)#.~≈≈≈≈≈≈≈≈≈≈≈≈≈#..≈ ,~
#≈~.#.~≈≈≈≈≈≈≈≈≈≈≈≈≈#.~~ ,
#≈~.#.~~≈≈≈≈≈≈≈≈≈≈≈≈#.~≈ +*
#≈..#..~≈≈≈≈≈≈≈≈≈≈≈≈#.~≈ , ,
#≈~.#..@5≈≈≈≈≈≈≈~≈≈ #..~ ~
##)####.#≈###≈~#≈####.~≈ , , ,
#...#≈≈....)........#.~≈
.._.§.'...≈≈≈≈...).......)..≈≈
+
§.....#...#≈≈....)........#..~
~
..§..###.####.###~##≈##≈####≈#
..... #≈≈. ...~≈~~≈≈≈≈≈≈≈≈ ~~
#''' #~~.#..≈≈≈≈≈≈≈≈≈≈≈≈≈~≈~~
≈.. ~~.#.~≈≈≈≈≈≈≈≈≈≈≈≈≈≈≈~≈


You could see Grinder (strong).

Vanquished Creatures
  Sigmund (D:3)
  A scorpion (D:5)
  A quasit (Sewer)
  A hound (D:5)
  A sleepcap (D:5)
  A river rat (D:5)
  3 adders
  2 shadow imps (Sewer)
  6 ufetubi (Sewer)
  An adder zombie (Sewer)
  2 worms
  A dart slug (D:3)
  6 orcs
  2 ball pythons
  3 endoplasms
  3 giant cockroaches
  A goblin (D:3)
  3 hobgoblins
  5 bats
  14 kobolds
  6 rats
64 creatures vanquished.

Notes
Turn   | Place    | Note
-------+----------+-------------------------------------------
     0 | D:1      | mdonais the Meteoran Fighter began the quest for the Orb.
     0 | D:1      | Reached XP level 1. HP: 19/19 MP: 2/2
   114 | D:2      | Reached XP level 2. HP: 25/26 MP: 3/3
   191 | D:2      | Reached XP level 3. HP: 31/31 MP: 4/4
   336 | D:3      | Found a broken altar of Ashenzari.
   337 | D:3      | Noticed Sigmund
   353 | D:3      | Killed Sigmund
   354 | D:3      | Reached skill level 5 in Armour
   354 | D:3      | Reached XP level 4. HP: 35/41 MP: 5/5
   354 | D:3      | Reached XP level 5. HP: 40/47 MP: 6/6
   354 | D:3      | Reached XP level 6. HP: 45/53 MP: 7/7
   503 | D:4      | Found a sparkling altar of Nemelex Xobeh.
   513 | D:4      | Became a worshipper of Nemelex Xobeh the Trickster
   656 | D:5      | Entered Level 5 of the Dungeon
   708 | D:5      | Reached skill level 5 in Fighting
   708 | D:5      | Reached skill level 1 in Invocations
   716 | D:5      | Reached skill level 5 in Axes
   716 | D:5      | Reached XP level 7. HP: 54/61 MP: 9/9
   779 | D:5      | Found a glowing drain.
   818 | Sewer    | Entered a sewer
   917 | Sewer    | Found a burning altar of Makhleb.
   933 | Sewer    | Noticed Grinder
   991 | Sewer    | HP: 2/61 [Grinder (9)]
   991 | Sewer    | Slain by Grinder

Illustrated notes

Levels and vault maps discovered:
D:1:      dpeg_arrival_connections, layout_basic, minmay_unequal
D:2:      layout_basic, kennysheep_decorative_pillar, serial_bayou_pond_c,
          minmay_worlds_worst_comb
D:3:      layout_basic, lemuel_doored_altar, uniq_crazy_yiuf_cottage,
          uniq_sigmund
D:4:      layout_loops_ring, nemelex_dance_club_becter, old_standard_altar
D:5:      layout_basic, nicolae_vehumet_radiance, mainiacjoe_overflow_big_doors,
          minmay_temple_entry_purple_smoke, portal_sewer_entry_b, serial_shops,
          shop, st_stairs_13, minivault_5
Sewer:    kennysheep_sewer_church

Skill      XL: |  1  2  3  4  5  6  7 |
---------------+----------------------+-----
Armour         | 5 |  5.0
Axes           | 4 5 |  5.4
Shields        | 4 |  4.0
Fighting       | 4 5 |  5.4
Invocations    | 1 3 |  3.1

Action                     |  1- 3 |  4- 6 |  7- 9 || total
---------------------------+-------+-------+-------++-------
  Melee: War axe           |    40 |    53 |    96 ||   189
    Use: Potion            |     1 |       |       ||     1
         Scroll            |       |     2 |       ||     2
 Armour: Scale mail        |    20 |    17 |       ||    37
         Chain mail        |       |     2 |    72 ||    74
  Dodge: Dodged            |    13 |    15 |    38 ||    66
  Block: Buckler           |     8 |    12 |    29 ||    49
